 Dungeon Crawl Stone Soup version 0.28-a0-407-g69098e2f6d (webtiles) character file.

Game seed: 8867320204465266148

96 heikuro the Skirmisher (level 4, 14/37 HPs)
             Began as a Formicid Abyssal Knight on Sept 5, 2021.
             Was a Follower of Lugonu.
             Quit the game on level 6 of the Dungeon on Sept 6, 2021.
             The game lasted 00:06:41 (3157 turns).

heikuro the Skirmisher (Formicid Abyssal Knight)    Turns: 3157, Time: 00:06:42

Health: 14/37      AC:  7    Str: 18    XL:     4   Next: 98%
Magic:  6/6        EV:  9    Int: 11    God:    Lugonu [*.....]
Gold:   141        SH:  0    Dex: 10    Spells: 3/3 levels left

rFire   + . .      SeeInvis +   b - +4 hunting sling
rCold   . . .      Faith    .   (no shield)
rNeg    . . .      Spirit   .   g - +0 scale mail
rPois   .          Reflect  .   (helmet unavailable)
rElec   .          Harm     .   (no cloak)
rCorr   .          Rampage  .   (no gloves)
Will    .....                   i - +0 pair of boots
Stlth   ..........              (no amulet)
HPRegen 0.12/turn               d - ring of protection from fire
MPRegen 0.10/turn               (no ring)

@: seriously poisoned (14 -> 1)
A: permanent stasis, dig shafts and tunnels, antennae 3, four strong arms
a: Dig, Shaft Self, Renounce Religion, Depart the Abyss


You were on level 6 of the Dungeon.
You worshipped Lugonu.
Lugonu was aware of your devotion.
You visited 1 branch of the dungeon, and saw 5 of its levels.
You visited the Abyss 1 time.

You collected 141 gold pieces.

Inventory:

Hand Weapons
 a - a +1 falchion
 b - a +4 hunting sling (weapon)
Missiles
 m - 9 sling bullets (quivered ammo)
Armour
 g - a +0 scale mail (worn)
 i - a +0 pair of boots (worn)
Jewellery
 d - a ring of protection from fire (left hand)
Scrolls
 c - 2 scrolls of identify
 e - a scroll of blinking {unknown}
 l - a scroll of teleportation {unknown}
Potions
 f - 2 potions of degeneration
 h - a potion of curing {unknown}
 j - a potion of lignification {unknown}
 k - a potion of heal wounds {unknown}


   Skills:
 + Level 3.8 Fighting
 * Level 3.2 Long Blades
 + Level 0.5 Slings
 + Level 3.0 Armour
 - Level 1.0 Dodging
 + Level 3.0 Invocations


You had 3 spell levels left.
You didn't know any spells.
Your spell library contained the following spells:

 Spells                   Type           Power      Damage    Failure   Level
 Animate Skeleton         Necr           0%         N/A       73%         1
 Apportation              Tloc           0%         N/A       73%         1
 Corona                   Hex            0%         N/A       73%         1
 Summon Small Mammal      Summ           0%         N/A       73%         1


Dungeon Overview and Level Annotations

Branches:
Dungeon (4/15)
 Temple: D:4-7

Altars:
Fedhas

Annotations:
D:3 2 transporters, Demosthentine's ghost, amateur MfGl


Innate Abilities, Weirdness & Mutations

You cannot be hasted, slowed, berserked, paralysed or teleported.
You can dig through walls and to a lower floor.
You have a pair of large antennae on your head. (SInv)
Your four strong arms can wield two-handed weapons with a shield.


Message History

The hound skeleton bites you.
The hound skeleton bites you but does no damage.
You slash the hound skeleton!
You destroy the hound skeleton!
Lugonu accepts your kill.
Your Armour skill increases to level 3!
You swing at nothing.
The orc wizard points at you and mumbles some strange words.
You are confused.
b - a +4 hunting sling (weapon)
In your confused state, you trip and fall back down the stairs.
In your confused state, you trip and fall back down the stairs.
The orc wizard completely misses you.
The orc wizard hits you with a +2 dagger of venom.
You are poisoned.
In your confused state, you trip and fall back down the stairs.
You feel less confused.
You feel sick.
The orc wizard hits you but does no damage.
You are more poisoned.
Okay, then.
You can't shaft yourself on this terrain.
You feel very sick.
Are you sure you want to shaft yourself?
You feel sick. The orc wizard barely misses you.
You begin to dig a shaft.
You continue digging a shaft.
You feel sick.
The orc wizard hits you with a +2 dagger of venom.
You are more poisoned.
A shaft appears beneath you!
You fall into a shaft and drop 2 floors!
The shaft crumbles and collapses.
You hear the sound of rushing water.
There is an entrance to a sewer on this level.
Hurry and find it before the portal rusts away!
You feel very sick.
The water moccasin hisses angrily.
The shadow imp shouts!
Found 16 gold pieces, a smelly leather armour, a short sword and a war axe.
Found a stone staircase leading up.
Unknown command.
Are you sure you want to abandon this character and quit the game? (Confirm with "yes".)

#. #. ##.#####
##......##
##........##
#........<.#
#..........#
#....@$....#
......S.....[..
###..........##
##......)..#
#.....5......
#..........##
#..).......#
#..........#


You could see a water moccasin and a shadow imp.

Vanquished Creatures
  A hound skeleton (D:4)
  An adder (D:3)
  A white imp (D:3)
  A worm (D:2)
  4 dart slugs
  2 orcs (D:3)
  6 ball pythons
  4 endoplasms
  3 giant cockroaches
  6 hobgoblins
  4 kobolds
  4 quokkas
  3 bats
  A frilled lizard (D:3)
  5 goblins
  4 rats
50 creatures vanquished.

Vanquished Creatures (others)
  2 plants (D:3)
2 creatures vanquished.

Grand Total: 52 creatures vanquished

Notes
Turn   | Place    | Note
-------+----------+-------------------------------------------
     0 | Abyss:1  | heikuro the Formicid Abyssal Knight began the quest for the
                  | Orb.
     0 | Abyss:1  | Reached XP level 1. HP: 18/18 MP: 2/2
    60 | Abyss:1  | Noticed a spatial vortex
    61 | D:1      | Escaped the Abyss
   136 | D:1      | Reached skill level 1 in Dodging
   138 | D:1      | Reached XP level 2. HP: 20/24 MP: 3/3
   498 | D:1      | Reached * piety under Lugonu
   882 | D:1      | Reached XP level 3. HP: 22/29 MP: 4/4
  1217 | D:2      | Found a faded altar of an unknown god.
  1972 | D:3      | Found a transporter.
  1972 | D:3      | Noticed Demosthentine's ghost (amateur MfGl)
  2048 | D:3      | Reached XP level 4. HP: 31/37 MP: 6/6
  2102 | D:3      | Found a transporter.
  2140 | D:3      | Found a blossoming altar of Fedhas.
  3156 | D:4      | You fall into a shaft and drop 2 floors!
  3156 | D:6      | Noticed a water moccasin
  3157 | D:6      | Quit the game

Illustrated notes

Levels and vault maps discovered:
D:1:      heliophobic_arrival_ceremonial_halls, layout_loops_ring
D:2:      layout_basic, ebering_ecumenical_altar_petrified
D:3:      layout_loops_cross, fedhas_ov_isle_minmay, gammafunk_ghost_arena
D:4:      layout_cave_pools, amethyst_overflow_temple_binary
D:6:      layout_rooms, mainiacjoe_overflow_alcove_1,
          cheibrodos_sewer_entry_sluice

Skill      XL: |  1  2  3  4 |
---------------+-------------+-----
Dodging        | 1 |  1.0
Long Blades    | 3 |  3.2
Invocations    | 3 |  3.0
Armour         | 3 |  3.0
Fighting       | |  3.8
Slings         | |  0.5

Action                   |  1- 3 |  4- 6 || total
-------------------------+-------+-------++-------
Melee: Falchion          |    89 |    42 ||   131
 Fire: Hunting sling     |       |     6 ||     6
Invok: Depart the Abyss  |     1 |       ||     1
 Abil: Shaft Self        |       |     1 ||     1
  Use: Scroll            |     1 |       ||     1
Armor: Leather armour    |    22 |       ||    22
       Scale mail        |    10 |    28 ||    38
Dodge: Dodged            |    57 |    30 ||    87

Table legend: (Time is in decaauts)
 A = Elapsed time spent in this place.
 B = Non-inter-level travel time spent in this place.
 C = Inter-level travel time spent in this place.
 D = Time resting spent in this place.
 E = Time spent auto-exploring this place.
 F = Levels seen in this place.
 G = Mean time per level.
                   A        B        C        D        E       F      G
               +--------+--------+--------+--------+--------+-----+--------+
         Total |   3187 |   2852 |    335 |    589 |   1543 |   6 |  531.2 |
       Dungeon |   3126 |   2791 |    335 |    589 |   1543 |   5 |  625.2 |
         Abyss |     61 |     61 |      0 |      0 |      0 |   1 |   61.0 |
               +--------+--------+--------+--------+--------+-----+--------+

Top non-repeatable levels by time:
     D:3: 1086 daAuts
     D:1: 1035 daAuts
     D:2: 975 daAuts
 Abyss:1: 61 daAuts
     D:4: 28 daAuts
     D:6: 0 daAuts
